Map: Prion Terraces

Players

lesha - Winner!

  • Race: Terran Terran

A.I. 1 (Hard)

  • Race: Protoss Protoss

VOD

Have the link to the VOD?

Description

Time

  • Played on: Dec. 2, 2015, 10:24 a.m.
  • Length: 15:09
Show
View Real Time Build Order
Export as new Build Order

lesha Terran - Winner!

Build Orders:  

Get SALT Encoding   

  12  0:03  SCV  
  13  0:16  SCV  
  14  0:24  Supply Depot  
  14  0:28  SCV  
  15  0:45  SCV  
  15  0:47  Barracks  
  16  0:57  SCV, Refinery  
  17  1:09  SCV  
  18  1:21  SCV  
  19  1:34  Command Center  
  19  1:37  Orbital Command  
  19  1:55  Barracks  
  19  2:03  Marine  
  19  2:06  SCV  
  21  2:11  Refinery  
  21  2:18  SCV  
  22  2:30  SCV  
  22  2:34  Barracks Tech Lab  
  23  2:45  SCV  
  23  2:47  Factory  
  24  2:58  SCV  
  25  2:59  Orbital Command  
  25  3:10  SCV  
  26  3:22  SCV, Marauder  
  26  3:25  Barracks Tech Lab  
  30  3:34  SCV  
  30  3:37  SCV, Bunker  
  31  3:46  SCV  
  32  3:53  Starport  
  32  4:01  Supply Depot  
  32  4:03  SCV x2  
  34  4:15  SCV x2  
  34  4:16  Marauder  
  38  4:17  Refinery  
  38  4:21  Factory Tech Lab  
  38  4:23  Marauder  
  40  4:29  Supply Depot  
  40  4:31  SCV x2  
  42  4:33  Supply Depot  
  42  4:43  SCV x2  
  44  4:48  Barracks  
  44  4:51  Barracks x2  
  44  4:55  Engineering Bay  
  44  4:56  Stimpack  
  44  4:59  Concussive Shells  
  44  5:11  Starport Reactor  
  46  5:14  Marauder x2  
  46  5:18  Siege Tank  
  51  5:23  Engineering Bay  
  51  5:24  Supply Depot  
  53  5:35  Marauder  
  53  5:36  Marauder  
  53  5:40  Barracks Reactor  
  53  5:41  Barracks Reactor  
  53  5:42  Barracks Reactor  
  55  5:47  Supply Depot  
  55  5:50  Medivac  
  55  5:56  Marine x2  
  59  6:06  Command Center  
  59  6:08  Terran Infantry Weapons Level 1  
  59  6:10  Supply Depot  
  59  6:11  Terran Infantry Armor Level 1  
  59  6:14  Marine  
  59  6:15  Marauder  
  59  6:18  Refinery  
  62  6:21  SCV x2  
  64  6:32  Supply Depot  
  64  6:33  SCV x2  
  64  6:45  SCV  
  44  7:09  Marine x5  
  44  7:10  Marine x3  
  47  7:27  Marine x3  
  50  7:49  Marine x7  
  57  7:52  Marauder  
  57  7:54  Medivac x2  
  63  8:08  Marauder  
  65  8:13  Marauder  
  65  8:18  Command Center  
  67  8:22  Armory  
  67  8:29  Marauder  
  69  8:34  Barracks x2  
  69  8:36  Starport  
  69  8:39  Starport  
  69  8:41  Orbital Command  
  69  8:44  SCV  
  69  8:45  SCV  
  71  8:49  Barracks  
  71  8:57  SCV x2  
  73  9:07  Marauder  
  73  9:08  Marauder  
  77  9:10  Marine x6  
  77  9:13  Medivac  
  77  9:14  Medivac x2  
  77  9:16  Starport Reactor  
  89  9:26  Refinery  
  89  9:27  Marine  
  89  9:28  Marine x3  
  89  9:29  Refinery, Marauder x2  
  89  9:31  Orbital Command  
  97  9:48  Starport Tech Lab  
  97  9:56  Barracks Reactor  
  97  9:57  Barracks Reactor  
  97  9:58  Barracks Reactor, Marine x2  
  97  9:59  Marine x6  
  104  10:02  Medivac x4  
  113  10:09  Refinery  
  113  10:10  SCV x4  
  117  10:16  Marine x2  
  119  10:22  SCV x2  
  119  10:25  Marine x3  
  124  10:35  Supply Depot  
  124  10:40  Supply Depot  
  124  10:41  Supply Depot  
  124  10:42  Supply Depot  
  124  10:43  Supply Depot  
  124  10:46  Supply Depot  
  132  10:57  SCV x4, Marauder x2  
  132  10:58  Supply Depot  
  132  11:09  SCV  
  132  11:10  SCV  
  138  11:18  Refinery, Marauder x2  
  138  11:22  SCV  
  138  11:25  Marine x4  
  139  11:26  Marine x6  
  139  11:27  Marine x2  
  139  11:31  Medivac x5  
  161  11:34  SCV  
  166  11:40  Marauder x2  
  166  11:43  Marine x5  
  166  11:44  Marine  
  172  11:56  Barracks  
  172  11:57  Barracks  
  172  12:01  Marauder x2, Barracks, Medivac x2  
  180  12:05  Barracks  
  180  12:06  Barracks  
  180  12:25  Command Center, Marauder x2, Medivac x2  
  188  12:30  Terran Infantry Weapons Level 2  
  188  12:31  Terran Infantry Armor Level 2  
  188  12:35  Terran Vehicle And Ship Armor Level 1  
  188  12:37  Combat Shields  
  188  12:46  Barracks Reactor x2, Marauder  
  188  12:49  Barracks Tech Lab  
  190  12:55  Barracks Tech Lab  
  190  13:00  Marine x3  
  190  13:01  Marauder  
  190  13:02  Barracks Tech Lab  
  190  13:04  Marine x2  
  190  13:05  Marine x3  
  194  13:51  Command Center  
  194  13:55  Command Center  
  194  14:03  Orbital Command  
Show
View Real Time Build Order
Export as new Build Order

A.I. 1 (Hard) Protoss 

Build Orders:  

Get SALT Encoding   

  12  0:01  Probe (Chrono Boost)  
  13  0:11  Probe (Chrono Boost)  
  14  0:20  Pylon  
  14  0:22  Probe (Chrono Boost)  
  15  0:38  Probe (Chrono Boost)  
  16  0:46  Assimilator  
  16  0:49  Probe (Chrono Boost), Gateway  
  17  0:57  Pylon  
  17  0:59  Probe (Chrono Boost)  
  18  1:10  Probe (Chrono Boost)  
  19  1:21  Probe (Chrono Boost)  
  20  1:35  Zealot  
  22  1:41  Cybernetics Core  
  22  1:43  Gateway  
  22  1:45  Assimilator  
  22  2:02  Pylon  
  22  2:15  Stalker  
  22  2:21  Warp Gate  
  24  2:29  Zealot  
  26  2:43  Stalker, Pylon  
  28  2:56  Stalker  
  30  3:12  Stalker, Probe (Chrono Boost)  
  33  3:21  Pylon  
  33  3:24  Probe (Chrono Boost)  
  33  3:25  Adept  
  36  3:36  Probe (Chrono Boost)  
  36  3:41  Stalker  
  37  3:42  Forge  
  37  3:48  Probe (Chrono Boost)  
  40  3:51  Stalker  
  42  3:59  Probe (Chrono Boost)  
  43  4:09  Adept  
  43  4:11  Probe (Chrono Boost)  
  46  6:04  Protoss Ground Weapons Level 1  
  46  6:06  Adept  
  46  6:08  Gateway  
  48  6:11  Twilight Council  
  48  6:15  Sentry, Nexus, Pylon  
  48  6:16  Photon Cannon  
  48  6:17  Photon Cannon  
  50  6:21  Forge  
  50  6:24  Adept, Robotics Facility  
  52  6:36  Pylon  
  52  6:37  Adept  
  54  6:43  Stargate  
  54  6:44  Blink  
  50  6:47  Adept  
  50  6:51  Protoss Ground Armor Level 1  
  52  6:57  Adept  
  48  7:06  Zealot  
  46  7:12  Observer  
  45  7:15  Zealot  
  45  7:25  Stalker  
  45  7:29  Probe (Chrono Boost)  
  49  7:30  Probe (Chrono Boost)  
  49  7:32  Observer  
  49  7:34  Adept  
  49  7:35  Assimilator  
  49  7:36  Pylon  
  50  7:41  Probe (Chrono Boost)  
  50  7:43  Stalker, Probe (Chrono Boost)  
  54  7:52  Probe (Chrono Boost)  
  54  7:53  Stalker  
  54  7:55  Probe (Chrono Boost)  
  58  8:01  Pylon  
  58  8:02  Sentry  
  58  8:05  Probe (Chrono Boost)  
  61  8:07  Probe (Chrono Boost)  
  61  8:11  Stalker  
  64  8:16  Probe (Chrono Boost)  
  64  8:18  Probe (Chrono Boost)  
  66  8:21  Photon Cannon  
  66  8:24  Photon Cannon  
  67  8:27  Probe (Chrono Boost)  
  67  8:29  Probe (Chrono Boost)  
  68  8:38  Probe (Chrono Boost)  
  68  8:40  Probe (Chrono Boost)  
  70  9:09  Assimilator  
  70  9:31  Probe (Chrono Boost)  
  70  9:33  Probe (Chrono Boost)  
  72  9:42  Probe (Chrono Boost)  
  73  10:14  Void Ray  
  73  10:15  Warp Prism  
  79  10:21  Gateway  
  79  10:25  Robotics Facility  
  79  10:30  Nexus, Stargate  
  79  10:34  Pylon  
  79  10:39  Robotics Bay  
  79  10:48  Stalker, Warp Prism  
  79  10:55  Phoenix  
  81  10:58  Pylon  
  81  11:02  Fleet Beacon  
  83  11:09  Protoss Ground Weapons Level 2  
  83  11:10  Void Ray, Warp Prism  
  89  11:21  Protoss Ground Armor Level 2, Phoenix  
  89  11:24  Observer  
  92  11:43  Disruptor  
  92  11:46  Probe (Chrono Boost)  
  97  11:47  Probe (Chrono Boost), Disruptor  
  97  11:48  Probe (Chrono Boost)  
  97  11:53  Carrier  
  101  11:54  Assimilator  
  101  11:55  Assimilator  
  101  11:56  Probe (Chrono Boost)  
  101  11:59  Probe (Chrono Boost)  
  101  12:00  Probe (Chrono Boost)  
  111  12:09  Probe (Chrono Boost)  
  111  12:10  Observer Gravitic Boosters, Probe (Chrono Boost)  
  111  12:13  Probe (Chrono Boost)  
  113  12:18  Pylon  
  113  12:21  Probe (Chrono Boost), Pylon  
  113  12:22  Probe (Chrono Boost), Protoss Air Weapons Level 1  
  115  12:24  Probe (Chrono Boost)  
  116  12:32  Probe (Chrono Boost)  
  116  12:33  Probe (Chrono Boost)  
  116  12:35  Probe (Chrono Boost)  
  119  12:42  Probe (Chrono Boost)  
  119  12:43  Photon Cannon  
  120  12:45  Nexus  
  120  12:46  Probe (Chrono Boost)  
  121  12:59  Gravitic Drive  
  121  13:01  Templar Archives  
  121  13:04  Dark Shrine  
  121  13:39  Stalker  
  117  13:43  Zealot  
  117  13:46  Void Ray  
  74  13:51  Immortal, Zealot  
  59  13:58  Zealot  
  59  14:02  Zealot  
  51  14:11  Sentry  
  51  14:18  Stalker  
  51  14:21  Probe (Chrono Boost)  
  51  14:22  Disruptor  
  51  14:23  Probe (Chrono Boost)  
  46  14:28  Probe (Chrono Boost)  
  46  14:31  Stalker  
  51  14:36  Probe (Chrono Boost)  
  51  14:37  Stalker  
  48  14:44  Probe (Chrono Boost), Pylon, Dark Templar  
  46  14:48  Probe (Chrono Boost)  
  37  14:55  Probe (Chrono Boost)  
  37  14:59  Probe (Chrono Boost), Nexus  
  33  15:00  Assimilator  
  33  15:01  Assimilator  
Tags
 
Add a new tag
Caveats
  • Supply blocks, unpowered buildings, or Contaminate may cause inaccurate times.
  • Supply counts are checked every 10 seconds.